cohdb
Replays
Latest Replays
All Replays
Popular Replays
Top Player Replays
Match Explorer
How It Works
Community
CoH3 Stats
Reddit
Sign in to upload your games and track your stats! →
Sign in with Steam
Match 40877825
Unlisted
Match 40877825
Overview
Messages
Build Orders
End
Engineer Squad
Construct Weapon Support Center
Selects Special Operations Battlegroup
Selects M29 Weasel Recon Vehicle
M1919 Machine Gun Team
Bazooka Squad
Sniper
Construct Medical Station
Air Support Center
Bazooka Squad
.30 cal Machine Gun
Improved M9 Bazooka Rockets
Double Sortie
Air Supremacy
Grasshopper Recon Run
P-47 Dive Bomb
P-47 Strafing Run
Selects Smoke Screen
Smoke Screen
P-47 Strafing Run
Grasshopper Recon Run
P-47 Dive Bomb
P-47 Strafing Run
Construct Tank Depot
Selects Mark Vehicle
P-47 Strafing Run
Grasshopper Recon Run
P-47 Dive Bomb
Scout Squad
M18 Hellcat Tank Destroyer
M18 Hellcat Tank Destroyer
P-47 Strafing Run
Smoke Screen
P-47 Dive Bomb
Grasshopper Recon Run
P-47 Strafing Run
M4(105) Sherman Bulldozer
WQX
vonAJ
Arms
Storm The Troops!!!!
0
0
Comments
sign in to comment!
No comments posted yet!